 Dungeon Crawl Stone Soup version 0.28.0-53-g5a82cb258f (webtiles) character file.

Game seed: 11044801873425396052

10317 Megalobster the Severer (level 11, -8/89 HPs)
             Began as a Minotaur Berserker on July 11, 2022.
             Was a Priest of Trog.
             Mangled by a manticore (10 damage)
             ... on level 11 of the Dungeon.
             The game lasted 00:20:07 (12011 turns).

Megalobster the Severer (Minotaur Berserker)       Turns: 12011, Time: 00:20:07

Health: -8/89      AC: 15    Str: 31    XL:     11   Next: 34%
Magic:  10/10      EV: 10    Int:  4    God:    Trog [***...]
Gold:   358        SH:  5    Dex: 11    Spells: 10/10 levels left

rFire   . . .      SeeInvis .   a - +0 hand axe
rCold   + . .      Faith    .   (no shield)
rNeg    . . .      Spirit   .   e - +0 chain mail
rPois   .          Reflect  +   (helmet restricted)
rElec   .          Harm     .   t - +1 cloak
rCorr   .          Rampage  .   v - +0 pair of gloves
Will    .....                   (no boots)
Stlth   ..........              y - amulet of reflection
HPRegen 0.24/turn               o - +4 ring of slaying
MPRegen 0.12/turn               p - ring "Asuana" {rC+ Str+6}

@: on berserk cooldown, slowed, very slow
A: horns 2, retaliatory headbutt
a: Renounce Religion, Berserk, Trog's Hand


You were on level 11 of the Dungeon.
You worshipped Trog.
Trog was most pleased with you.
You visited 1 branch of the dungeon, and saw 11 of its levels.

You collected 358 gold pieces.

Inventory:

Hand Weapons
 a - a +0 hand axe (weapon)
 b - a +0 dire flail of protection
 F - a +0 dagger of venom
Missiles
 l - 13 boomerangs (quivered)
Armour
 e - a +0 chain mail (worn)
 s - +0 acid dragon scales
 t - a +1 cloak (worn)
 v - a +0 pair of gloves (worn)
 C - +0 steam dragon scales
 I - the +4 ring mail "Jalusm" {Rampage *Corrode rN++}
   (You found it on level 7 of the Dungeon)

   rN:        It greatly protects you from negative energy.
   *Corrode:  It may corrode you when you take damage.
   Rampage:   It bestows one free step when moving towards enemies.
Jewellery
 o - a +4 ring of slaying (left hand)
 p - the ring "Asuana" (right hand) {rC+ Str+6}
   (You found it on level 3 of the Dungeon)

   [ring of strength]

   Str:       It affects your strength (+6).
   rC:        It protects you from cold.
 y - an amulet of reflection (around neck)
 L - a ring of protection from cold
Wands
 d - a wand of mindburst (10)
 D - a wand of paralysis (2)
 G - a wand of flame (36)
Scrolls
 c - 7 scrolls of identify {unknown}
 i - a scroll of vulnerability {unknown}
 m - 4 scrolls of teleportation {unknown}
 n - 4 scrolls of fear {unknown}
 r - a scroll of amnesia {unknown}
 u - a scroll of silence {unknown}
 z - 4 scrolls of magic mapping {unknown}
 B - a scroll of blinking {unknown}
 E - a scroll of holy word {unknown}
 J - a scroll of noise {unknown}
 K - a scroll of summoning {unknown}
Potions
 f - a potion of lignification {unknown}
 g - a potion of flight {unknown}
 h - a potion of might {unknown}
 j - 2 potions of brilliance {unknown}
 k - 3 potions of degeneration {unknown}
 q - 5 potions of curing {unknown}
 w - 3 potions of heal wounds {unknown}
 x - a potion of cancellation {unknown}
 A - 2 potions of attraction {unknown}
 H - 2 potions of mutation {unknown}


   Skills:
 + Level 6.2 Fighting
 * Level 18.0 Axes
 - Level 10.5 Armour
 - Level 2.1 Dodging


You had 10 spell levels left.
You didn't know any spells.
Your spell library was empty.

Dungeon Overview and Level Annotations

Branches:
Dungeon (11/15)            Temple (0/1) D:5            Lair (0/6) D:9
    Orc (0/2) D:10

Altars:
Ashenzari
Elyvilon
Hepliaklqana
Sif Muna
Trog
Vehumet

Shops:
D:3 :   D:7 *

Annotations:
D:8 3 runed translucent doors, funkygono's ghost, novice MiFi


Innate Abilities, Weirdness & Mutations

You have a pair of horns on your head.
You reflexively headbutt those who attack you in melee.


Message History

The manticore flicks its tail.
The volley of spikes misses you. The manticore barely misses you.
The manticore claws you but does no damage. x2
The manticore bites you but does no damage.
You block the manticore's attack.
The manticore claws you but does no damage.
You slash the manticore! You headbutt the manticore!
The manticore is heavily wounded.
The manticore bites you! The manticore claws you.
The manticore claws you but does no damage.
You hit the manticore.
The manticore is heavily wounded.
You hit the manticore.
The manticore is severely wounded.
The manticore bites you but does no damage.
The manticore claws you. x2
You closely miss the manticore.
The manticore is severely wounded.
The manticore bites you! The manticore claws you! The manticore claws you.
You barely miss the manticore. You headbutt the manticore!
The manticore is severely wounded.
The manticore bites you!
* * * LOW HITPOINT WARNING * * *
The manticore claws you but does no damage.
The manticore claws you!
* * * LOW HITPOINT WARNING * * *
You're still recovering from your berserk rage.
You hit the manticore but do no damage.
The manticore is severely wounded.
The manticore closely misses you. The manticore claws you.
* * * LOW HITPOINT WARNING * * *
The manticore claws you.
* * * LOW HITPOINT WARNING * * *
You hit the manticore.
The manticore is almost dead.
The manticore closely misses you. The manticore claws you.
* * * LOW HITPOINT WARNING * * *
The manticore claws you!
You die...

#...# #..........#......
##..# #.........≈...#..#
#..####.........†...#..#
#....##............[....
##..†.#.................
##...##................
##..##................
##........###..##....
#.#@...[..#...#.....
#.#H.......#<#......
#..........# #......
##.................[
#.............####.
............ ...
............ #...
#.........< #..


You could see a manticore.

Vanquished Creatures
  Harold (D:7)
  Erolcha (D:9)
  Erica (D:9)
  A two-headed ogre (D:10)
  A manticore (D:11)
  Maurice (D:9)
  Maggie (D:6)
  An unseen horror (D:10)
  A troll (D:9)
  Sigmund (D:6)
  9 yaks
  2 steam dragons
  2 vampire mosquitoes (D:10)
  Menkaure (D:6)
  Edmund (D:4)
  A water moccasin (D:8)
  An acid dragon (D:11)
  2 orc warriors (D:10)
  6 ice beasts
  A black bear (D:7)
  An ogre (D:6)
  A necrophage (D:6)
  5 centaurs
  A phantom (D:5)
  2 kobold brigands
  2 gnoll sergeants
  3 bullfrogs
  A water moccasin zombie (D:7)
  3 scorpions
  A killer bee (D:9)
  A howler monkey (D:6)
  2 electric eels (D:11)
  3 centaur zombies
  2 jellies
  A centaur skeleton (D:6)
  2 hounds
  10 orc priests
  2 iguanas
  9 orc wizards
  A killer bee zombie (D:9)
  A hound skeleton (D:4)
  11 gnolls
  2 howler monkey skeletons
  11 adders
  An ufetubus (D:6)
  An adder skeleton (D:4)
  A worm (D:2)
  A dart slug (D:4)
  23 orcs
  4 ball pythons
  4 bats
  4 endoplasms
  3 giant cockroaches
  7 goblins
  8 hobgoblins
  7 quokkas
  3 frilled lizards
  8 kobolds
  8 rats
  A bush (D:8)
198 creatures vanquished.

Vanquished Creatures (others)
  A kobold (D:7)
  A fungus (D:3)
  3 plants (D:3)
5 creatures vanquished.

Grand Total: 203 creatures vanquished

Notes
Turn   | Place    | Note
-------+----------+-------------------------------------------
     0 | D:1      | Megalobster the Minotaur Berserker began the quest for the
                  | Orb.
     0 | D:1      | Reached XP level 1. HP: 19/19 MP: 0/0
    20 | D:1      | Reached skill level 4 in Axes
   270 | D:1      | Reached XP level 2. HP: 19/26 MP: 1/1
  1102 | D:1      | Reached ** piety under Trog
  1296 | D:1      | Reached skill level 5 in Axes
  1708 | D:2      | Reached XP level 3. HP: 29/31 MP: 2/2
  2964 | D:2      | Reached skill level 6 in Axes
  2964 | D:2      | Reached XP level 4. HP: 39/39 MP: 3/3
  3181 | D:3      | Reached XP level 5. HP: 38/45 MP: 4/4
  3300 | D:3      | Reached skill level 7 in Axes
  3481 | D:3      | Identified the ring "Asuana" {rC+ Str+6}
  3535 | D:3      | Found Syredu's Book Boutique.
  3659 | D:3      | Found a faded altar of an unknown god.
  3834 | D:4      | Noticed Edmund
  3843 | D:4      | Killed Edmund
  3844 | D:4      | Reached skill level 8 in Axes
  3844 | D:4      | Reached XP level 6. HP: 51/51 MP: 5/5
  4367 | D:5      | Entered Level 5 of the Dungeon
  4415 | D:5      | Reached skill level 9 in Axes
  4844 | D:5      | Reached XP level 7. HP: 57/57 MP: 6/6
  5237 | D:5      | Reached *** piety under Trog
  5240 | D:5      | Found a staircase to the Ecumenical Temple.
  5560 | D:6      | Noticed Menkaure
  5567 | D:6      | Killed Menkaure
  5568 | D:6      | Reached skill level 10 in Axes
  6020 | D:6      | Noticed Sigmund
  6028 | D:6      | Killed Sigmund
  6168 | D:6      | Reached skill level 11 in Axes
  6168 | D:6      | Reached XP level 8. HP: 64/64 MP: 7/7
  6171 | D:6      | Reached skill level 5 in Armour
  6471 | D:6      | Reached skill level 12 in Axes
  6521 | D:6      | Found a radiant altar of Vehumet.
  6532 | D:6      | Found a hazy altar of Hepliaklqana.
  6655 | D:6      | Noticed Maggie
  6667 | D:6      | Killed Maggie
  6668 | D:6      | Reached XP level 9. HP: 58/70 MP: 8/8
  6984 | D:7      | Reached skill level 13 in Axes
  7138 | D:7      | Found Okid's CLEARANCE SALE!.
  7759 | D:7      | You fall into a shaft and drop 1 floor!
  7951 | D:7      | Identified the +4 ring mail "Jalusm" {Rampage *Corrode
                  | rN++}
  8010 | D:7      | Found a shimmering blue altar of Sif Muna.
  8079 | D:7      | Noticed Harold
  8101 | D:7      | Killed Harold
  8102 | D:7      | Reached skill level 14 in Axes
  8372 | D:8      | Reached skill level 15 in Axes
  8433 | D:8      | Found a white marble altar of Elyvilon.
  8443 | D:8      | Reached XP level 10. HP: 74/77 MP: 9/9
  8467 | D:8      | Found a runed translucent gate.
  8467 | D:8      | Found a runed translucent gate.
  8467 | D:8      | Found a runed translucent gate.
  8474 | D:8      | Noticed funkygono's ghost (novice MiFi)
  8556 | D:8      | Reached **** piety under Trog
  9167 | D:9      | Noticed Erica
  9175 | D:9      | Killed Erica
  9176 | D:9      | Reached skill level 16 in Axes
  9228 | D:9      | Reached skill level 10 in Armour
  9238 | D:9      | Noticed Maurice
  9443 | D:9      | Killed Maurice
  9513 | D:9      | Found a staircase to the Lair.
  9557 | D:9      | Noticed Erolcha
  9566 | D:9      | Killed Erolcha
  9924 | D:9      | Reached skill level 17 in Axes
 10034 | D:9      | Found a bloodstained altar of Trog.
 10156 | D:9      | Found a broken altar of Ashenzari.
 10249 | D:10     | Entered Level 10 of the Dungeon
 10271 | D:10     | Reached XP level 11. HP: 83/85 MP: 10/10
 10277 | D:10     | Reached skill level 5 in Fighting
 10641 | D:10     | Noticed a two-headed ogre
 10650 | D:10     | Killed a two-headed ogre
 11100 | D:10     | Found a staircase to the Orcish Mines.
 11999 | D:11     | Reached skill level 18 in Axes
 12010 | D:11     | HP: 4/89 [manticore (4)]
 12011 | D:11     | Mangled by a manticore

Illustrated notes

Levels and vault maps discovered:
D:1:      minmay_arrival_shoal_huts, layout_loops_corners, grunt_decor_clamped,
          minmay_misc_feat_pillars
D:2:      layout_basic
D:3:      minmay_angry_zag, layout_rooms, serial_shops, nicolae_shop_crystal,
          shapermc_ecumenical_altar_mp_ritualfount,
          chequers_serial_rivers_micro_d, hangedman_decor_push
D:4:      layout_basic, uniq_edmund
D:5:      layout_loops_corners, minmay_temple_entry_crystal_x, moated_statue
D:6:      minmay_general_purpose_star, layout_gridville,
          mainiacjoe_overflow_big_doors, uniq_menkaure, uniq_maggie,
          uniq_sigmund
D:7:      layout_rooms, led_sif_book, nicolae_shop_clearance, uniq_harold
D:8:      layout_basic, mainiacjoe_overflow_boulevard,
          gammafunk_ghost_necromancy, kb_lookout_dungeons_type
D:9:      layout_big_octagon, marbit_many_paths,
          mainiacjoe_overflow_six_doors_small, lair_entry_dummy, minmay_puff,
          uniq_erica, uniq_maurice, uniq_erolcha
D:10:     layout_rooms, orc_0_dummy, minmay_fountain_box
D:11:     layout_rooms, dpeg_stationary_puzzle

Skill      XL: |  1  2  3  4  5  6  7  8  9 10 11 |
---------------+----------------------------------+-----
Axes           | 4 5 6 8 9 11 12 15 17 18 | 18.0
Armour         | 4 6 9 10 | 10.5
Fighting       | 4 6 |  6.2
Dodging        | |  2.1

Action                   |  1- 3 |  4- 6 |  7- 9 | 10-12 || total
-------------------------+-------+-------+-------+-------++-------
Melee: Hand axe          |    94 |    82 |   171 |   166 ||   513
       Headbutt          |    18 |    17 |    47 |    63 ||   145
       Punch             |       |     1 |     3 |     2 ||     6
       Dire flail        |       |       |       |    47 ||    47
Invok: Berserk           |     1 |     4 |     5 |     6 ||    16
       Trog's Hand       |       |       |     1 |     2 ||     3
Armor: Animal skin       |     1 |       |       |       ||     1
       Leather armour    |    15 |    14 |       |       ||    29
       Chain mail        |       |     2 |    67 |    89 ||   158
Dodge: Dodged            |    43 |    42 |    53 |    65 ||   203
Block: Other             |       |       |    17 |    29 ||    46
       Reflection        |       |       |     1 |     3 ||     4
